 Dungeon Crawl Stone Soup version 0.30-a0-782-ge64f9170bb (console) character file.

Game seed: 12108230455780239826

16 utis the Ducker (level 2, 0/16 HPs)
             Began as a Tengu Wanderer on Feb 26, 2023.
             Slain by a worm (9 damage)
             ... on level 2 of the Dungeon.
             The game lasted 00:01:52 (843 turns).

utis the Ducker (Tengu Wanderer)                     Turns: 843, Time: 00:01:53

Health: 0/16       AC:  4    Str: 10    XL:     2   Next: 54%
Magic:  4/4        EV: 12    Int: 15    God:
Gold:   41         SH:  0    Dex: 12    Spells: 3/3 levels left

rFire   . . .      SeeInvis .    f - +0 short sword
rCold   . . .      Faith    .    (no shield)
rNeg    . . .      Spirit   .    e - +0 leather armour
rPois   .          Reflect  .    (helmet restricted)
rElec   .          Harm     .    (no cloak)
rCorr   .          Rampage  .    d - +0 pair of gloves
Will    .....                    (boots unavailable)
Stlth   +                        (no amulet)
HPRegen 0.22/turn                (no ring)
MPRegen 0.09/turn                (no ring)

@: no status effects
A: beak, talons 3
a: no special abilities


You were on level 2 of the Dungeon.
You visited 1 branch of the dungeon, and saw 2 of its levels.

You collected 41 gold pieces.

Inventory:

Hand Weapons
 a - a +0 dagger
 f - a +0 short sword (weapon)
Missiles
 g - 8 stones (quivered)
Armour
 c - a +0 robe
 d - a +0 pair of gloves (worn)
 e - a +0 leather armour (worn)
Scrolls
 h - a scroll of enchant weapon {unknown}
 k - a scroll of enchant armour {unknown}
 l - a scroll of torment {unknown}
 m - a scroll of immolation {unknown}
Potions
 b - a potion of attraction
 i - a potion of curing {unknown}
 j - a potion of lignification {unknown}


   Skills:
 + Level 1.1 Fighting
 + Level 3.6 Dodging
 - Level 1.0 Spellcasting
 + Level 3.2 Conjurations
 - Level 2.0 Poison Magic
 - Level 1.0 Invocations
 - Level 1.0 Evocations


You had 3 spell levels left.
You didn't know any spells.
Your spell library contained the following spells:

 Spells                   Type           Power      Damage    Failure   Level
 Kiss of Death            Conj/Necr      20%        2d7       17%         1
 Sting                    Tmut/Pois      12%        1d3       22%         1
 Momentum Strike          Conj/Tloc      10%        3d8       26%         2
 Mephitic Cloud           Conj/Pois/Air  6%         N/A       43%         3
 Iskenderun's Mystic Bla  Conj/Tloc      5%         2d3       86%         4


Dungeon Overview and Level Annotations

Branches:
Dungeon (2/15)

Altars:


Innate Abilities, Weirdness & Mutations

You have a beak for a mouth.
You have claws for feet.


Message History

You barely miss the worm. You claw the worm.
The worm is heavily wounded.
The worm bites you.
You hit the worm. Your peck misses the worm.
The worm is severely wounded.
You barely miss the worm. You peck the worm, but do no damage.
The worm is severely wounded.
The worm bites you.
You hit the worm.
The worm is severely wounded.
The worm bites you.
* * * LOW HITPOINT WARNING * * *
You hit the worm but do no damage. You peck the worm, but do no damage.
The worm is severely wounded.
You hit the worm.
You kill the worm!
No target in view!
You start resting.
HP restored.
A worm comes into view.
Found a stone staircase leading down.
A worm is nearby!
A worm is nearby!
No target in range!
No target in range!
You hit the worm. Your peck misses the worm.
The worm is moderately wounded.
The worm bites you!
You hit the worm but do no damage.
The worm is moderately wounded.
You barely miss the worm. You peck the worm.
The worm is heavily wounded.
The worm barely misses you.
You hit the worm. You claw the worm. You peck the worm, but do no damage.
The worm is almost dead.
You hit the worm.
The worm is almost dead.
The worm bites you!
Ouch! That really hurt!
You die...

░........ ░.░.....░░
░.░......░
.>░....░░░░░░░
░.░...........
░.░.....░░░░░░░
░.░............
░░░░░░w░..░..░░░░░░░
.......Q........<░
......░░░░░░░░░░░░
..... .... ... .. .


You could see a worm.

Vanquished Creatures
  A worm (D:2)
  A ball python (D:1)
  2 endoplasms
  A giant cockroach (D:1)
  A kobold (D:1)
  A quokka (D:1)
  A frilled lizard (D:1)
  3 goblins (D:1)
  2 rats (D:1)
13 creatures vanquished.

Notes
Turn   | Place    | Note
-------+----------+-------------------------------------------
     0 | D:1      | utis the Tengu Wanderer began the quest for the Orb.
     0 | D:1      | utis set off with the following items: a +0 dagger, a
                  | potion of attraction, a +0 robe, a +0 pair of gloves; and
                  | the following spells available to memorise: Kiss of Death,
                  | Sting, Momentum Strike, Mephitic Cloud, Iskenderun's Mystic
                  | Blast.
     0 | D:1      | Reached XP level 1. HP: 10/10 MP: 3/3
   310 | D:1      | Reached XP level 2. HP: 16/16 MP: 4/4
   340 | D:1      | Found a faded altar of an unknown god.
   778 | D:2      | Reached skill level 1 in Fighting
   843 | D:2      | Slain by a worm

Illustrated notes

Levels and vault maps discovered:
D:1:      kilobyte_arrival_exit_the_forest, layout_rooms,
          ebering_ecumenical_altar_sacrificial
D:2:      layout_basic, hangedman_abyss_or_decor_stabs, minmay_tree_intersection

Skill      XL: |  1  2 |
---------------+-------+-----
Conjurations   | 3 |  3.2
Fighting       | 1 |  1.1
Dodging        | |  3.6
Spellcasting   | |  1.0
Poison Magic   | |  2.0
Invocations    | |  1.0
Evocations     | |  1.0

Action                     || total
---------------------------++-------
  Melee: Dagger            ||    11
         Kick              ||    10
         Short sword       ||    35
         Peck              ||    10
  Throw: Stone             ||     1
 Armour: Leather armour    ||     4
         Robe              ||     1
  Dodge: Dodged            ||    17

Table legend: (Time is in decaauts)
 A = Elapsed time spent in this place.
 B = Non-inter-level travel time spent in this place.
 C = Inter-level travel time spent in this place.
 D = Time resting spent in this place.
 E = Time spent auto-exploring this place.
 F = Levels seen in this place.
 G = Mean time per level.
                   A        B        C        D        E       F      G
               +--------+--------+--------+--------+--------+-----+--------+
         Total |    853 |    814 |     39 |     49 |    584 |   2 |  426.5 |
       Dungeon |    853 |    814 |     39 |     49 |    584 |   2 |  426.5 |
               +--------+--------+--------+--------+--------+-----+--------+

Top non-repeatable levels by time:
     D:1: 774 daAuts
     D:2: 78 daAuts
